 Dungeon Crawl Stone Soup version 0.29-a0-344-ge2f44be95a (webtiles) character file.

Game seed: 17300195938473666916

98 Morbidden the Conjurer (level 4, -2/40 HPs)
             Began as a Troll Conjurer on Apr 20, 2022.
             Slain by Grinder (3 damage)
             ... on level 3 of the Dungeon.
             The game lasted 00:02:13 (1962 turns).

Morbidden the Conjurer (Troll Conjurer)             Turns: 1962, Time: 00:02:13

Health: -2/40      AC:  4    Str: 15    XL:     4   Next: 44%
Magic:  2/5        EV:  9    Int: 16    God:
Gold:   139        SH:  0    Dex:  8    Spells: 2/5 levels left

rFire   . . .      SeeInvis .     - Unarmed
rCold   . . .      Faith    .   (no shield)
rNeg    . . .      Spirit   .   a - +0 robe
rPois   .          Reflect  .   (helmet restricted)
rElec   .          Harm     .   (no cloak)
rCorr   .          Rampage  .   (gloves unavailable)
Will    .....                   (boots unavailable)
Stlth   +.........              (no amulet)
HPRegen 0.93/turn               (no ring)
MPRegen 0.09/turn               (no ring)

@: no status effects
A: large, unfitting armour, claws 3, regeneration 1, shaggy fur 1, tough skin 1
a: no special abilities


You were on level 3 of the Dungeon.
You visited 1 branch of the dungeon, and saw 3 of its levels.

You collected 139 gold pieces.

Inventory:

Armour
 a - a +0 robe (worn)
Scrolls
 c - a scroll of identify {unknown}
 e - a scroll of immolation {unknown}
 f - 2 scrolls of teleportation
 h - a scroll of fear {unknown}
 j - a scroll of fog {unknown}
Potions
 b - a potion of magic
 d - 2 potions of curing {unknown}
 g - a potion of berserk rage {unknown}
 i - a potion of heal wounds {unknown}
 k - a potion of flight {unknown}


   Skills:
 * Level 0.6 Fighting
 * Level 2.0 Dodging
 + Level 1.1 Stealth
 * Level 2.1 Unarmed Combat
 * Level 1.4 Spellcasting
 * Level 3.4 Conjurations


You had 2 spell levels left.
You knew the following spells:

 Your Spells              Type           Power      Damage    Failure   Level
a - Magic Dart            Conj           48%        1d5       5%          1
b - Searing Ray           Conj           24%        2d5       8%          2

Your spell library contained the following spells:

 Spells                   Type           Power      Damage    Failure   Level
 Dazzling Flash           Conj/Hex       12%        N/A       32%         3
 Fulminant Prism          Conj/Hex       3%         3d6       71%         4
 Iskenderun's Mystic Bla  Conj/Tloc      6%         2d4       71%         4


Dungeon Overview and Level Annotations

Branches:
Dungeon (3/15)

Altars:

Annotations:
D:3 Grinder


Innate Abilities, Weirdness & Mutations

You are too large for most types of armour.
You have claws for hands.
Your natural rate of healing is unusually fast.
You are covered in fur. (AC +1)
You have tough skin. (AC +1)


Message History

Grinder gestures at you. Pain shoots through your body!
* * * LOW HITPOINT WARNING * * *
Unknown command.
The searing ray hits Grinder.
Grinder is moderately wounded.
Grinder closely misses you.
Unknown command.
Unknown command.
Unknown command.
Grinder gestures at you. You resist with significant effort.
Unknown command.
Grinder says, "I used to sell toenails on the black market."
Grinder gestures at you.
You suddenly lose the ability to move!
Grinder gestures at you. You resist with significant effort. Grinder hits you.
You writhe in agony.
* * * LOW HITPOINT WARNING * * *
Grinder hits you but does no damage. Grinder hits you.
* * * LOW HITPOINT WARNING * * *
You can move again.
Unknown command.
Unknown command.
Unknown command.
Unknown command.
You closely miss Grinder.
Grinder is moderately wounded.
Grinder gestures at you.
You shrug off the repeated paralysis!
Unknown command.
Unknown command.
You scratch Grinder.
Grinder is moderately wounded.
Grinder hits you!
* * * LOW HITPOINT WARNING * * *
You writhe in agony.
You die...

## ##. ##.. #...
.# #... #.# #.#.
#.# #.##
.############.####
#.##
.......@5........#
#.##
##########.......#
#.##
#.......####.##
#..............
#.......####.##
#.......###...#
#.......##.....
#.#######......
#.# #......


You could see Grinder.

Vanquished Creatures
  2 adders (D:2)
  2 gnolls (D:3)
  2 worms
  An orc (D:3)
  4 ball pythons
  7 bats
  5 endoplasms
  2 giant cockroaches
  6 goblins
  4 hobgoblins
  4 jackals
  A quokka (D:1)
  5 frilled lizards
  3 kobolds
  5 rats
  A spectral goblin (D:1)
54 creatures vanquished.

Vanquished Creatures (others)
  A plant (D:1)
1 creature vanquished.

Grand Total: 55 creatures vanquished

Notes
Turn   | Place    | Note
-------+----------+-------------------------------------------
     0 | D:1      | Morbidden the Troll Conjurer began the quest for the Orb.
     0 | D:1      | Reached XP level 1. HP: 16/16 MP: 1/1
    22 | D:1      | Reached skill level 3 in Conjurations
    90 | D:1      | Reached XP level 2. HP: 24/24 MP: 2/2
   338 | D:1      | Found a faded altar of an unknown god.
   758 | D:2      | Reached XP level 3. HP: 29/31 MP: 0/3
   761 | D:2      | Learned a level 2 spell: Searing Ray
  1095 | D:2      | Reached skill level 1 in Unarmed Combat
  1615 | D:3      | Reached XP level 4. HP: 37/40 MP: 5/5
  1930 | D:3      | Noticed Grinder
  1942 | D:3      | Paralysed by Grinder for 3 turns
  1954 | D:3      | Paralysed by Grinder for 7 turns
  1962 | D:3      | HP: 1/40 [Grinder (9)]
  1962 | D:3      | Slain by Grinder

Illustrated notes

Levels and vault maps discovered:
D:1:      amcnicky_arrival_single_pillar, layout_basic, serial_bayou,
          serial_bayou_ford_a, serial_bayou_pond_d, serial_bayou_pond_e,
          serial_bayou_crossing, dreamdust_ecumenical_altar_drowned_temple
D:2:      layout_loops_ring
D:3:      layout_loops_ring, serial_glass, glass_columns_a, glass_columns_a,
          glass_columns_b, glass_columns_a, glass_columns_b, glass_columns_c,
          glass_columns_c, glass_columns_a,
          nicolae_concentric_dashed_squares_wild, uniq_grinder

Skill      XL: |  1  2  3  4 |
---------------+-------------+-----
Conjurations   | 3 |  3.4
Unarmed Combat | 1 2 |  2.1
Dodging        | 2 |  2.0
Fighting       | |  0.6
Stealth        | |  1.1
Spellcasting   | |  1.4

Action                   |  1- 3 |  4- 6 || total
-------------------------+-------+-------++-------
Melee: Unarmed           |   107 |    26 ||   133
 Cast: Magic Dart        |    24 |     8 ||    32
       Searing Ray       |       |     1 ||     1
  Use: Scroll            |       |     1 ||     1
 Stab: Sleeping          |       |     1 ||     1
Armor: Robe              |    43 |     8 ||    51
Dodge: Dodged            |    76 |    10 ||    86

Table legend: (Time is in decaauts)
 A = Elapsed time spent in this place.
 B = Non-inter-level travel time spent in this place.
 C = Inter-level travel time spent in this place.
 D = Time resting spent in this place.
 E = Time spent auto-exploring this place.
 F = Levels seen in this place.
 G = Mean time per level.
                   A        B        C        D        E       F      G
               +--------+--------+--------+--------+--------+-----+--------+
         Total |   1988 |   1957 |     31 |     39 |   1515 |   3 |  662.7 |
       Dungeon |   1988 |   1957 |     31 |     39 |   1515 |   3 |  662.7 |
               +--------+--------+--------+--------+--------+-----+--------+

Top non-repeatable levels by time:
     D:2: 874 daAuts
     D:1: 757 daAuts
     D:3: 356 daAuts
